 Dungeon Crawl Stone Soup version 0.29.1-15-g9cfb28693d (webtiles) character file.

Game seed: 2005578960395256353

2990 Carnifexus the Basher (level 9, -1/71 HPs)
             Began as a Demonspawn Berserker on Mar 26, 2023.
             Was an Elder of Trog.
             Killed by divine providence
             ... invoked by an orc priest
              (7 damage)
             ... on level 7 of the Dungeon.
             The game lasted 00:15:55 (7116 turns).

Carnifexus the Basher (Demonspawn Berserker)        Turns: 7116, Time: 00:15:55

Health: -1/71      AC: 22    Str: 22    XL:     9   Next: 53%
Magic:  9/9        EV:  9    Int:  8    God:    Trog [****..]
Gold:   419        SH:  4    Dex: 13    Spells: 8/8 levels left

rFire   + . .      SeeInvis .   E - +3 battleaxe
rCold   x . .      Faith    +   (shield currently unavailable)
rNeg    . . .      Spirit   .   c - +0 plate armour
rPois   .          Reflect  .   (helmet restricted)
rElec   .          Harm     .   A - +0 cloak
rCorr   .          Rampage  .   (no gloves)
Will    .....                   (no boots)
Stlth   ..........              q - amulet of faith
HPRegen 0.21/turn               d - ring of fire
MPRegen 0.11/turn               u - +4 ring of slaying

@: lethally poisoned (-1 -> -3), on berserk cooldown, slowed, very slow
A: antennae 1, icemail 2, spiny 1, sturdy frame 2, condensation shield
a: Renounce Religion, Berserk, Trog's Hand, Brothers in Arms


You were on level 7 of the Dungeon.
You worshipped Trog.
Trog was greatly pleased with you.
You visited 1 branch of the dungeon, and saw 7 of its levels.

You collected 419 gold pieces.

Inventory:

Hand Weapons
 a - a +0 mace
 w - a +1 whip of electrocution
 z - a +0 long sword of flaming
 E - a +3 battleaxe (weapon)
 F - a +2 vampiric glaive
Armour
 b - a +0 animal skin
 c - a +0 plate armour (worn)
 x - a +2 robe of positive energy
 A - a +0 cloak (worn)
 G - +0 steam dragon scales
Jewellery
 d - a ring of fire (left hand)
 e - an amulet of magic regeneration
 q - an amulet of faith (around neck)
 r - a ring of see invisible
 u - a +4 ring of slaying (right hand)
 y - a ring of ice
 H - an amulet of regeneration
Wands
 n - a wand of flame (28)
Scrolls
 f - 2 scrolls of magic mapping
 g - 4 scrolls of teleportation
 h - 4 scrolls of blinking
 i - 3 scrolls of immolation
 j - a scroll of poison {unknown}
 k - 3 scrolls of brand weapon
 l - 2 scrolls of noise {unknown}
 m - a scroll of vulnerability {unknown}
 s - 2 scrolls of enchant weapon
 t - 2 scrolls of fear
 v - a scroll of butterflies {unknown}
 B - 2 scrolls of identify
 D - 2 scrolls of enchant armour {unknown}
Potions
 o - a potion of degeneration
 p - 3 potions of lignification
 C - a potion of curing
 I - a potion of mutation {unknown}


   Skills:
 + Level 6.6 Fighting
 + Level 1.6(5.4) Axes
 + Level 8.2(8.3) Maces & Flails
 + Level 6.1 Armour
 + Level 3.3 Dodging
 + Level 1.2 Stealth
 + Level 3.2 Shields


You had 8 spell levels left.
You didn't know any spells.
Your spell library was empty.

Dungeon Overview and Level Annotations

Branches:
Dungeon (7/15)
 Temple: D:4-7

Altars:
Dithmenos


Innate Abilities, Weirdness & Mutations

You have a pair of small antennae on your head.
A meltable icy envelope protects you from harm. (AC +8)
You are partially covered in sharp spines.
Your movements are less encumbered by armour. (ER -4)
A meltable shield of frost defends you. (SH +4)


Message History

Things that are here:
a +0 whip; a +0 spear; a gnoll corpse The scorpion attacks as you move away!
The scorpion is struck by your spines.
The scorpion stings you but does no damage.
The orc priest calls down the wrath of Beogh upon you.
Beogh smites you!
You barely miss the orc priest. You completely miss the scorpion.
The scorpion stings you but does no damage.
The orc priest hits you but does no damage.
The scorpion stings you.
You are poisoned.
The scorpion poisons you!
The white imp hits you but does no damage.
The orc priest is struck by your spines.
The orc priest hits you but does no damage.
The scorpion is struck by your spines.
The scorpion stings you but does no damage.
You slash the orc priest!
The orc priest is heavily wounded.
You barely miss the white imp. You hit the scorpion.
You feel very sick. The scorpion is struck by your spines.
You kill the scorpion!
Trog accepts your kill.
The orc priest is struck by your spines.
The orc priest hits you but does no damage.
The white imp gestures at you.
The puff of frost hits you but does no damage.
The white imp gestures at you.
The puff of frost hits you but does no damage.
The orc priest invokes the aid of Beogh against you.
Pain shoots through your body!
* * * LOW HITPOINT WARNING * * *
You hit the orc priest.
The orc priest is almost dead.
You hit the white imp but do no damage.
You feel sick.
The white imp hits you but does no damage.
The orc priest invokes the aid of Beogh against you.
Beogh smites you!
You die...

......##.......####.........
...........................
.##......#............[..#
#.......#...............##
...#..............<......#
...............##........#
..............###....#....#
.............###....##..g...
..........##))@o....$##.....
.#........†).5###..# ...o.
........))..## .#..# ....
....#..#....# # .... ...
............# ........
........##.## .... .....##.
#.. ....# ## .... ...? ..##.


You could see an orc priest and a white imp.

Vanquished Creatures
  Pikel (D:6)
  Maggie (D:6)
  2 water moccasins
  An ice beast (D:6)
  3 black bears
  3 ogres
  3 phantoms
  A kobold brigand (D:6)
  5 scorpions
  A necrophage (D:5)
  4 wights (D:6)
  3 howler monkeys
  4 hounds
  A jelly (D:7)
  A gnoll bouda (D:7)
  An iguana (D:5)
  An orc wizard (D:7)
  6 gnolls
  10 adders
  An ufetubus (D:4)
  A worm (D:2)
  6 dart slugs
  4 orcs
  8 bats
  13 endoplasms
  3 giant cockroaches
  15 goblins
  4 hobgoblins
  8 jackals (D:2)
  5 quokkas
  9 ball pythons
  A frilled lizard (D:1)
  11 kobolds
  A rat (D:2)
142 creatures vanquished.

Notes
Turn   | Place    | Note
-------+----------+-------------------------------------------
     0 | D:1      | Carnifexus the Demonspawn Berserker began the quest for the
                  | Orb.
     0 | D:1      | Reached XP level 1. HP: 18/18 MP: 1/1
   240 | D:1      | Gained mutation: A meltable shield of frost defends you.
                  | (SH +4) [demonic ancestry]
   240 | D:1      | Reached XP level 2. HP: 24/24 MP: 2/2
   246 | D:1      | Reached skill level 3 in Maces & Flails
   275 | D:1      | Found a faded altar of an unknown god.
   584 | D:1      | Reached ** piety under Trog
   609 | D:1      | Gained mutation: A meltable icy envelope protects you from
                  | harm. (AC +8) [demonic ancestry]
   609 | D:1      | Reached XP level 3. HP: 28/29 MP: 3/3
  1357 | D:2      | Gained mutation: A meltable icy envelope protects you from
                  | harm. (AC +8) [demonic ancestry]
  1357 | D:2      | Reached XP level 4. HP: 36/36 MP: 4/4
  1374 | D:2      | Reached skill level 4 in Maces & Flails
  1666 | D:2      | Reached *** piety under Trog
  1763 | D:2      | You fall into a shaft and drop 1 floor!
  1983 | D:3      | Reached skill level 1 in Shields
  2147 | D:3      | Gained mutation: You are partially covered in sharp spines.
                  | [demonic ancestry]
  2147 | D:3      | Reached XP level 5. HP: 15/42 MP: 5/5
  3187 | D:4      | Noticed an ogre
  3197 | D:4      | Killed an ogre
  3198 | D:4      | Gained mutation: Your movements are slightly less
                  | encumbered by armour. (ER -2) [demonic ancestry]
  3198 | D:4      | Reached XP level 6. HP: 42/48 MP: 6/6
  3270 | D:4      | Reached skill level 5 in Maces & Flails
  3342 | D:4      | Gained mutation: Your movements are less encumbered by
                  | armour. (ER -4) [demonic ancestry]
  3342 | D:4      | Reached XP level 7. HP: 55/55 MP: 7/7
  3610 | D:4      | Found a shadowy altar of Dithmenos.
  3966 | D:5      | Entered Level 5 of the Dungeon
  4106 | D:5      | Reached **** piety under Trog
  4467 | D:5      | Reached skill level 6 in Maces & Flails
  4480 | D:5      | Reached skill level 5 in Fighting
  4488 | D:5      | Reached XP level 8. HP: 45/62 MP: 8/8
  5186 | D:6      | Noticed Pikel
  5217 | D:6      | Killed Pikel
  5218 | D:6      | Reached skill level 7 in Maces & Flails
  5218 | D:6      | Reached skill level 5 in Armour
  5223 | D:6      | Noticed Maggie
  5250 | D:6      | Killed Maggie
  5251 | D:6      | Gained mutation: You have a pair of small antennae on your
                  | head. [demonic ancestry]
  5251 | D:6      | Reached XP level 9. HP: 23/69 MP: 9/9
  6545 | D:6      | Reached skill level 1 in Stealth
  7044 | D:7      | Reached skill level 8 in Maces & Flails
  7105 | D:7      | Reached skill level 1 in Axes
  7116 | D:7      | Killed from afar by an orc priest

Illustrated notes

Levels and vault maps discovered:
D:1:      sevenhm_arrival_forest_fort_small_5, layout_basic,
          ebering_ecumenical_altar_webs, minmay_pentomino_t4
D:2:      layout_loops_ring, minmay_circle_x
D:3:      layout_loops_cross, serial_co_window_serial, co_window_corner_a,
          co_window_paths_a, co_window_corner_a, co_window_corner_a,
          co_window_corner_a, co_window_unsneaky_path_b, co_window_corner_cb,
          co_window_2corner, co_window_cross_4, co_window_2corner,
          co_window_paths_c, co_window_corner_b, glass_columns_a,
          glass_columns_b, glass_columns_c, glass_columns_c,
          grunt_decor_mini_mirrors
D:4:      layout_basic, mainiacjoe_overflow_chevrons,
          minmay_fractal_squares_diagonal_5
D:5:      layout_loops_ring
D:6:      layout_loops_corners, patterned_corridor, uniq_maggie, uniq_pikel
D:7:      layout_layer_cave, lemuel_temple_firewalk_a

Skill      XL: |  1  2  3  4  5  6  7  8  9 |
---------------+----------------------------+-----
Maces & Flails | 3 4 5 6 7 8 |  8.2
Armour         | 2 4 5 6 |  6.1
Shields        | 1 2 3 |  3.2
Fighting       | 4 5 6 |  6.6
Dodging        | 2 3 |  3.3
Stealth        | 1 |  1.2
Axes           | 1 |  1.6

Action                   |  1- 3 |  4- 6 |  7- 9 || total
-------------------------+-------+-------+-------++-------
Melee: Mace              |   101 |   132 |   158 ||   391
       Punch             |     3 |       |       ||     3
       Battleaxe         |       |       |    21 ||    21
Invok: Berserk           |       |     3 |     3 ||     6
  Use: Scroll            |       |     4 |     5 ||     9
       Potion            |       |       |     8 ||     8
Armor: Plate armour      |    87 |    96 |   161 ||   344
Dodge: Dodged            |    29 |    35 |   103 ||   167
Block: Other             |    16 |    33 |    33 ||    82
